 Dungeon Crawl Stone Soup version 0.20-a0-495-g2241292 (webtiles) character file.

3634 wazuzu the Fiendish (level 9, -4/65 HPs)
             Began as a Demonspawn Monk on Jan 18, 2017.
             Was a Priest of Makhleb.
             Slain by a two-headed ogre
             ... wielding a +0 giant spiked club
              (8 damage)
             ... on level 8 of the Dungeon.
             The game lasted 00:18:02 (7027 turns).

wazuzu the Fiendish (Demonspawn Monk)               Turns: 7027, Time: 00:18:02

Health: -4/65      AC: 18    Str: 15    XL:     9   Next: 87%
Magic:  14/14      EV: 14    Int: 14    God:    Makhleb [***...]
Gold:   433        SH:  0    Dex: 16    Spells: 8/8 levels left

rFire    + . .     SeeInvis .     - Unarmed
rCold    + + +     Gourm    .   A - +3 leather armour "Ylamn" {*Corrode rC+++ Int+3}
rNeg     . . .     Faith    .   (no shield)
rPois    .         Spirit   .   k - +0 helmet
rElec    .         Reflect  .   C - +1 cloak
rCorr    .         Harm     .   (no gloves)
MR       .....                  (no boots)
Stlth    ++........             (no amulet)
Regen    0.2/turn               B - ring of protection from fire
                                u - +3 ring of slaying

@: sanguine armour
A: claws 2, cold resistance 1, low mp 1, rot immunity, sanguine armour 2
a: Minor Destruction, Lesser Servant of Makhleb, Renounce Religion


You were on level 8 of the Dungeon.
You worshipped Makhleb.
Makhleb was most pleased with you.
You were not hungry.

You visited 2 branches of the dungeon, and saw 9 of its levels.

You collected 433 gold pieces.

Inventory:

Armour
 k - a +0 helmet (worn)
 A - the +3 leather armour "Ylamn" (worn) {*Corrode rC+++ Int+3}
   (You found it on level 5 of the Dungeon)

   It affects your intelligence (+3).
   It renders you almost immune to cold.
   It may corrode you when you take damage.
 C - a +1 cloak (worn)
Jewellery
 u - a +3 ring of slaying (left claw)
 B - a ring of protection from fire (right claw)
 J - an uncursed ring of ice {unknown}
Wands
 v - a wand of paralysis (6/24)
Scrolls
 e - 2 scrolls of identify
 i - a scroll of fear {unknown}
 j - a scroll of enchant weapon
 m - a scroll of recharging
 q - a scroll of enchant armour
 s - 2 scrolls of magic mapping {unknown}
 y - a scroll of teleportation
 z - a scroll of vulnerability {unknown}
 E - a scroll of noise {unknown}
 F - a scroll of remove curse
 H - a scroll of blinking {unknown}
 I - a scroll of random uselessness {unknown}
Potions
 c - a potion of degeneration {unknown}
 d - a potion of agility {unknown}
 f - 2 potions of might {unknown}
 g - 7 potions of curing
 h - 3 potions of lignification {unknown}
 l - a potion of magic {unknown}
 n - a potion of haste {unknown}
 r - 2 potions of brilliance {unknown}
 t - a potion of cancellation {unknown}
 w - a potion of heal wounds {unknown}
 D - a potion of ambrosia {unknown}
Comestibles
 a - 4 fruits
 b - 2 bread rations
 o - a royal jelly
 p - 6 meat rations
 x - a beef jerky
 G - a chunk of flesh


   Skills:
 + Level 4.2 Fighting
 + Level 2.6 Armour
 + Level 3.7 Dodging
 - Level 1.7 Stealth
 + Level 10.1 Unarmed Combat
 - Level 10.1 Invocations


You had 8 spell levels left.
You didn't know any spells.

Dungeon Overview and Level Annotations

Branches:
Dungeon (8/15)             Temple (1/1) D:4
   Lair: D:8-11

Altars:
Gozag
Makhleb
Nemelex Xobeh
Qazlal
Trog
Zin

Shops:
D:4 :


Innate Abilities, Weirdness & Mutations

You have very sharp fingernails.
Your flesh is cold resistant. (rC+)
You are immune to rotting.
When seriously injured, your bleeding wounds create thick armour. (AC +9)
Your magical capacity is low. (-10% MP)


Message History

You kill the warg!
Makhleb accepts your kill.
The two-headed ogre completely misses you.
The two-headed ogre barely misses you.
Items here: )) [[ † a club; a leather armour; a dagger; a robe; an orc corpse You scratch the two-headed ogre.
The two-headed ogre is lightly wounded.
The two-headed ogre hits you with a giant spiked club!
The two-headed ogre hits you with a giant club!
* * * LOW HITPOINT WARNING * * *
A crimson imp comes into view.
You scratch the two-headed ogre.
The two-headed ogre is lightly wounded.
The crimson imp blinks!
You feel better.
The two-headed ogre hits you with a giant spiked club!
* * * LOW HITPOINT WARNING * * *
The two-headed ogre hits you with a giant club!
You die...

.. .. .# ##. #.. #.#
########
P..####.######......#
........ohO@........#
........##♣♣.♣♣.....########
......### ♣≈≈♣............#
...... ♣.♣♣♣###..[.....#
..... ♣.♣ #........# .P.#.
♣≈≈♣ ♣♣........# ...#
..≈≈♣♣♣♣≈........# ..
≈.≈.≈≈≈≈.........#
♣≈≈≈♣♣♣.♣........#


You could see a two-headed ogre, a warg and an orc.

Vanquished Creatures
  Erica (D:8)
  Psyche (D:8)
  Sigmund (D:6)
  Eustachio (D:6)
  A hungry ghost (D:7)
  2 wargs (D:8)
  3 orc warriors
  A sky beast (D:6)
  3 ogres
  An ice beast (D:8)
  A phantom (D:7)
  A centaur (D:7)
  3 bullfrogs
  A scorpion (D:5)
  2 howler monkeys (D:4)
  3 crimson imps
  2 orc priests
  3 hounds
  3 bullfrog skeletons
  Terence (D:2)
  2 iguanas (D:7)
  3 worker ants
  3 orc wizards
  9 adders
  12 gnolls
  An ooze (D:1)
  2 worms
  4 dart slugs
  6 leopard geckos
  12 orcs
  7 bats
  4 giant cockroaches
  7 goblins
  7 hobgoblins
  6 jackals (D:3)
  7 kobolds
  A quokka (D:5)
  4 frilled lizards
  A quokka zombie (D:7)
  9 rats
142 creatures vanquished.

Vanquished Creatures (others)
  An orc wizard (D:7)
1 creature vanquished.

Grand Total: 143 creatures vanquished

Notes
Turn   | Place    | Note
-------+----------+-------------------------------------------
     0 | D:1      | wazuzu the Demonspawn Monk began the quest for the Orb.
     0 | D:1      | Reached XP level 1. HP: 18/18 MP: 1/1
   344 | D:1      | Gained mutation: You have sharp fingernails. [demonic ancestry]
   344 | D:1      | Reached XP level 2. HP: 16/24 MP: 2/2
  1121 | D:2      | Gained mutation: You are immune to rotting. [demonic ancestry]
  1121 | D:2      | Reached XP level 3. HP: 29/29 MP: 3/3
  1202 | D:2      | Noticed Terence
  1221 | D:2      | Killed Terence
  1221 | D:2      | Gained mutation: Your flesh is cold resistant. (rC+) [demonic ancestry]
  1221 | D:2      | Reached XP level 4. HP: 27/35 MP: 4/4
  2034 | D:3      | Reached skill level 5 in Unarmed Combat
  2441 | D:3      | Reached XP level 5. HP: 37/41 MP: 5/5
  3134 | D:4      | Reached XP level 6. HP: 17/47 MP: 6/6
  3371 | D:4      | Found a staircase to the Ecumenical Temple.
  3398 | Temple   | Entered the Ecumenical Temple
  3402 | Temple   | Became a worshipper of Makhleb the Destroyer
  3402 | Temple   | Reached * piety under Makhleb
  3402 | Temple   | Reached ** piety under Makhleb
  3540 | D:4      | Found Quopp's Book Shoppe.
  3732 | D:4      | Gained mutation: You have very sharp fingernails. [demonic ancestry]
  3732 | D:4      | Reached XP level 7. HP: 52/52 MP: 7/9
  3816 | D:5      | Entered Level 5 of the Dungeon
  3873 | D:5      | Got an encrusted leather armour
  3884 | D:5      | Identified the +3 leather armour "Ylamn" {*Corrode rC+++ Int+3} (You found it on level 5 of the Dungeon)
  4389 | D:5      | Found a glowing silver altar of Zin.
  4702 | D:5      | Reached skill level 5 in Invocations
  4980 | D:6      | Found a stormy altar of Qazlal.
  5046 | D:6      | Gained mutation: When seriously injured, your bleeding wounds create armour. (AC +9) [demonic ancestry]
  5046 | D:6      | Reached XP level 8. HP: 58/58 MP: 12/12
  5051 | D:6      | Gained mutation: Your magical capacity is low. (-10% MP) [mutagenic meat]
  5059 | D:6      | Noticed Eustachio
  5075 | D:6      | Killed Eustachio
  5153 | D:6      | Noticed Sigmund
  5163 | D:6      | Killed Sigmund
  6233 | D:7      | Got a bronze plate armour
  6244 | D:7      | Identified the +2 plate armour of the Desert {rF+ Int+4 SInv} (You found it on level 7 of the Dungeon)
  6319 | D:7      | Reached *** piety under Makhleb
  6492 | D:7      | Gained mutation: When seriously injured, your bleeding wounds create thick armour. (AC +9) [demonic ancestry]
  6492 | D:7      | Reached XP level 9. HP: 42/63 MP: 14/14
  6859 | D:8      | Noticed Psyche
  6862 | D:8      | Noticed Erica
  6872 | D:8      | Killed Psyche
  6872 | D:8      | Reached skill level 10 in Invocations
  6902 | D:8      | Killed Erica
  6902 | D:8      | Reached skill level 1 in Armour
  6902 | D:8      | Reached skill level 10 in Unarmed Combat
  7005 | D:8      | Noticed a two-headed ogre
  7027 | D:8      | Slain by a two-headed ogre

Vault maps used:
D:1:      dpeg_arrival_tiny_f, minivault_25, solitary_fountain,
          hangedman_abyss_or_decor_stabs, minmay_pentomino_t4
D:2:      uniq_terence
D:3:      first_bread
D:4:      serial_shops, kennysheep_mini_moat
D:5:      basic_altar
D:6:      nicolae_qazlal_eye_of_the_storm, uniq_eustachio, uniq_sigmund
D:8:      erik_lair_orcish_takeover, serial_bayou_crossing, uniq_erica,
          uniq_psyche
Temple:   nicolae_temple_the_god_donut

Skill      XL: |  1  2  3  4  5  6  7  8  9 |
---------------+----------------------------+-----
Unarmed Combat | 3 4 5 6 7 9 10 | 10.1
Invocations    | 3 6 9 10 | 10.1
Armour         | 2 |  2.6
Dodging        | 3 |  3.7
Fighting       | 4 |  4.2
Stealth        | |  1.7

Action                   |  1- 3 |  4- 6 |  7- 9 || total
-------------------------+-------+-------+-------++-------
Melee: Unarmed           |    92 |   198 |   239 ||   529
       Punch             |     1 |     5 |    10 ||    16
Invok: Minor Destruction |       |       |     8 ||     8
Evoke: Wand              |       |     7 |       ||     7
  Use: Scroll            |     3 |     2 |     5 ||    10
       Potion            |       |       |     3 ||     3
 Stab: Sleeping          |     1 |       |     8 ||     9
       Paralysed         |       |     7 |       ||     7
  Eat: Chunk             |     1 |     8 |    14 ||    23
Armor: Robe              |     6 |       |       ||     6
       Scale mail        |    18 |    66 |     1 ||    85
       Leather armour    |       |       |    49 ||    49
Dodge: Dodged            |    54 |    72 |    94 ||   220
